 Dungeon Crawl Stone Soup version 0.30-a0-1066-g63dfefce0d (webtiles) character file.

Game seed: 1614718263187730911

688 cforsyth the Caller (level 7, -2/41 HPs)
             Began as an Octopode Summoner on Apr 12, 2023.
             Slain by an orc
             ... wielding a +0 mace
              (7 damage)
             ... on level 4 of the Dungeon.
             The game lasted 00:06:57 (3066 turns).

cforsyth the Caller (Octopode Summoner)             Turns: 3066, Time: 00:06:58

Health: -2/41      AC:  1    Str:  8    XL:     7   Next: 63%
Magic:  1/14       EV: 13    Int: 19    God:
Gold:   149        SH:  0    Dex: 12    Spells: 7/16 levels left

rFire   . . .      SeeInvis .    (no weapon)
rCold   . . .      Faith    .    (no shield)
rNeg    . . .      Spirit   .    (helmet restricted)
rPois   .          Reflect  .    (no amulet)
rElec   .          Rampage  .    (no ring)
rCorr   .                        (no ring)
Will    .....                    (no ring)
Stlth   +++                      (no ring)
HPRegen 0.26/turn                (no ring)
MPRegen 0.14/turn                (no ring)
                                 (no ring)
                                 (no ring)

@: no status effects
A: almost no armour, amphibious, 8 rings, camouflage 1, gelatinous body 1,
(nimble swimmer 1), tentacles
a: no special abilities


You were on level 4 of the Dungeon.
You visited 1 branch of the dungeon, and saw 4 of its levels.

You collected 149 gold pieces.

Inventory:

Wands
 m - a wand of flame (16)
Scrolls
 g - 3 scrolls of teleportation
 h - a scroll of amnesia
 i - a scroll of identify
 k - a scroll of torment
 l - a scroll of enchant weapon
 n - a scroll of fear
 o - a scroll of vulnerability
Potions
 a - 3 potions of magic
 c - 2 potions of curing
 e - a potion of heal wounds
 f - a potion of cancellation {unknown}
 j - a potion of mutation {unknown}
 p - a potion of might {unknown}


   Skills:
 - Level 2.0 Dodging
 - Level 2.6 Stealth
 + Level 5.0 Spellcasting
 - Level 3.0 Hexes
 + Level 6.6 Summonings


You had 7 spell levels left.
You knew the following spells:

 Your Spells              Type           Power      Damage    Failure   Level
a - Summon Small Mammal   Summ           100%       N/A       1%          1
b - Call Imp              Summ           60%        N/A       1%          2
c - Call Canine Familiar  Summ           30%        N/A       2%          3
d - Summon Guardian Gole  Hex/Summ       23%        N/A       4%          3

Your spell library contained the following spells:

 Spells                   Type           Power      Damage    Failure   Level
 Summon Ice Beast         Ice/Summ       17%        N/A       30%         4
 Summon Lightning Spire   Summ/Air       17%        N/A       30%         4
 Frozen Ramparts          Ice            8%         1d2       36%         3
 Ice Form                 Ice/Tmut       4%         N/A       77%         4


Dungeon Overview and Level Annotations

Branches:
Dungeon (4/15)
 Temple: D:4-7

Altars:
Makhleb
Nemelex Xobeh
Sif Muna
Zin

Shops:
D:2 :


Innate Abilities, Weirdness & Mutations

You cannot wear most types of armour.
You are amphibious.
You can wear up to eight rings at the same time.
Your skin changes colour to match your surroundings (Stealth+).
Your rubbery body absorbs attacks. (AC +1, EV +1)
((You are camouflaged when in or above water. (Stealth+)))
You have tentacles for arms and can constrict up to eight enemies at once.


Message History

Your hound closely misses something.
The giant cockroach bites your guardian golem but does no damage.
Your guardian golem is engulfed in blazing flames.
Your hound barely misses something.
The giant cockroach bites your guardian golem but does no damage.
Your hound bites something.
Your guardian golem is engulfed in blazing flames.
Your guardian golem overheats!
You closely miss the orc. Your grab misses the orc.
The giant cockroach bites your guardian golem but does no damage.
Your hound barely misses something.
The orc closely misses you.
Your guardian golem is engulfed in blazing flames.
Flame seeps out of your guardian golem.
Unknown command.
You tentacle-slap the orc but do no damage.
Your grab misses the orc. Your squeeze misses the orc.
Your hound closely misses something.
The giant cockroach bites your guardian golem but does no damage.
Your hound bites something.
Reactivating autopickup.
You feel a bit more experienced. The orc hits you with a +0 mace!
* * * LOW HITPOINT WARNING * * *
Your guardian golem is engulfed in blazing flames.
Flame seeps out of your guardian golem.
Unknown command.
Casting: Summon Guardian Golem (dangerous; 4% risk of failure)
Confirm with . or Enter, or press ? or * to list all spells.
A tiny devil pulls itself out of the air.
Your cerulean imp says, "I'm here!"
The giant cockroach completely misses your guardian golem.
The orc hits you with a +0 mace.
* * * LOW HITPOINT WARNING * * *
The giant cockroach bites your guardian golem but does no damage.
Your guardian golem is engulfed in blazing flames.
Flame seeps out of your guardian golem.
You barely miss the orc. Your grab misses the orc.
You squeeze the orc, but do no damage.
The giant cockroach bites your guardian golem but does no damage.
Your cerulean imp misses the orc.
The orc hits you with a +0 mace!
You die...

.. #. ... .... #+ .# . #.
....##.#######.##... #.
.............⌠.⌠#... ###
.............._..... #..
.............⌠.⌠# #..
......h.5.......# #..
...))○○oo.......# ##.
....)B9.@.......# .... #.
....###...##...###....##.
.... #######....##....#.
... ##....##..... ..
##....##.... ##....##...
###.....##.. #........###
#........'..


You could see 2 orcs, a giant cockroach (ally target), a friendly guardian golem
(summoned, inner flame), a friendly hound (summoned, sheltered) and a friendly
cerulean imp (summoned, sheltered).

Vanquished Creatures
  An orc priest (D:4)
  A ball python (D:1)
  A bat (D:2)
  A giant cockroach (D:2)
  A kobold (D:3)
  A frilled lizard (D:3)
  A rat (D:3)
7 creatures vanquished.

Vanquished Creatures (collateral kills)
  An orc priest (D:3)
  3 orc wizards
  6 adders
  2 dart slugs
  11 orcs
  3 ball pythons
  A goblin (D:4)
  A hobgoblin (D:3)
  6 kobolds
  A quokka (D:2)
  3 bats
  4 frilled lizards (D:3)
42 creatures vanquished.

Vanquished Creatures (others)
  Grinder (D:3)
  A black bear (D:4)
  An ogre (D:4)
  A centaur (D:4)
  A giant cockroach (D:4)
  A hobgoblin (D:4)
  A kobold (D:4)
7 creatures vanquished.

Grand Total: 56 creatures vanquished

Notes
Turn   | Place    | Note
-------+----------+-------------------------------------------
     0 | D:1      | cforsyth the Octopode Summoner began the quest for the Orb.
     0 | D:1      | Reached XP level 1. HP: 11/11 MP: 3/3
   764 | D:2      | Found Boimen's Book Shoppe.
   814 | D:2      | Reached XP level 2. HP: 12/17 MP: 0/5
   869 | D:2      | Learned a level 2 spell: Call Imp
   893 | D:2      | Reached XP level 3. HP: 20/21 MP: 1/7
   897 | D:2      | Learned a level 3 spell: Call Canine Familiar
  2018 | D:3      | Reached XP level 4. HP: 14/27 MP: 2/8
  2296 | D:3      | Reached skill level 5 in Summonings
  2362 | D:3      | Reached XP level 5. HP: 19/31 MP: 2/10
  2463 | D:3      | Noticed Grinder
  2474 | D:3      | Learned a level 3 spell: Summon Guardian Golem
  2503 | D:3      | Paralysed by Grinder for 5 turns
  2507 | D:3      | Killed Grinder
  2508 | D:3      | Reached XP level 6. HP: 35/36 MP: 5/12
  2787 | D:3      | Found a burning altar of Makhleb.
  2790 | D:3      | Found a shimmering blue altar of Sif Muna.
  2794 | D:3      | Found a glowing silver altar of Zin.
  3015 | D:4      | Found a sparkling altar of Nemelex Xobeh.
  3026 | D:4      | Noticed a black bear
  3031 | D:4      | Reached skill level 6 in Summonings
  3031 | D:4      | Reached XP level 7. HP: 8/41 MP: 9/13
  3050 | D:4      | Reached skill level 5 in Spellcasting
  3066 | D:4      | Slain by an orc

Illustrated notes

Levels and vault maps discovered:
D:1:      dpeg_arrival_leaves_temple_mockup, layout_basic
D:2:      layout_basic, serial_shops, shop
D:3:      layout_rooms, grunt_temple_overflow_diamond,
          minmay_misc_feat_ornament, uniq_grinder
D:4:      cheibrodos_old_hovel, layout_gridville,
          nemelex_xobeh_ov_fountains_minmay, mainiacjoe_overflow_alcove_4,
          temple_hall, gup_sewer_entry_pipe, nrook_mini_backslash

Skill      XL: |  1  2  3  4  5  6  7 |
---------------+----------------------+-----
Spellcasting   | 3 4 5 |  5.0
Summonings     | 5 6 |  6.6
Hexes          | 2 3 |  3.0
Dodging        | |  2.0
Stealth        | |  2.6

Action                     |  1- 3 |  4- 6 |  7- 9 || total
---------------------------+-------+-------+-------++-------
  Melee: Unarmed           |    25 |    12 |     3 ||    40
         Tentacles         |     6 |     2 |     1 ||     9
         Constrict         |     8 |     5 |       ||    13
   Cast: Summon Small Mamm |    22 |    14 |       ||    36
         Call Imp          |    10 |    10 |     2 ||    22
         Call Canine Famil |     3 |    11 |     1 ||    15
         Summon Guardian G |       |     2 |     2 ||     4
  Evoke: Wand              |       |     3 |       ||     3
    Use: Scroll            |       |     9 |       ||     9
         Potion            |       |     1 |       ||     1
   Stab: Sleeping          |     1 |       |       ||     1
 Armour: Skin              |     7 |     1 |       ||     8
  Dodge: Dodged            |    22 |    17 |     2 ||    41

Table legend: (Time is in decaauts)
 A = Elapsed time spent in this place.
 B = Non-inter-level travel time spent in this place.
 C = Inter-level travel time spent in this place.
 D = Time resting spent in this place.
 E = Time spent auto-exploring this place.
 F = Levels seen in this place.
 G = Mean time per level.
                   A        B        C        D        E       F      G
               +--------+--------+--------+--------+--------+-----+--------+
         Total |   3065 |   3001 |     64 |    155 |   2287 |   4 |  766.2 |
       Dungeon |   3065 |   3001 |     64 |    155 |   2287 |   4 |  766.2 |
               +--------+--------+--------+--------+--------+-----+--------+

Top non-repeatable levels by time:
     D:3: 1127 daAuts
     D:2: 1087 daAuts
     D:1: 699 daAuts
     D:4: 150 daAuts
